 Dungeon Crawl Stone Soup version 0.18.1-48-g4cf74bf (webtiles) character file.

44 Heedrag the Magician (level 3, -7/19 HPs)
             Began as a Deep Elf Conjurer on July 24, 2016.
             Mangled by Sigmund
             ... wielding a +0 scythe
              (12 damage)
             ... on level 2 of the Dungeon.
             The game lasted 00:03:00 (1253 turns).

Heedrag the Magician (Deep Elf Conjurer)            Turns: 1253, Time: 00:03:00

Health: -7/19      AC:  8    Str:  6    XL:     3   Next: 39%
Magic:  11/11      EV: 13    Int: 19    God:
Gold:   89         SH:  0    Dex: 15    Spells: 2 memorised, 8 levels left

rFire  . . .     SeeInvis .     g - +0 short sword (protect)
rCold  . . .     Gourm    .     a - +0 robe
rNeg   . . .     Faith    .     (no shield)
rPois  .         Spirit   .     (no helmet)
rElec  .         Dismiss  .     p - +0 cloak
rCorr  .         Reflect  .     (no gloves)
SustAt .         Harm     .     (no boots)
MR     .....                    (no amulet)
Stlth  ++........               (no ring)
                                (no ring)

@: not resistant to hostile enchantments, unstealthy
A: no striking features
a: no special abilities


You were on level 2 of the Dungeon.
You were not hungry.

You visited 1 branch of the dungeon, and saw 2 of its levels.

You collected 89 gold pieces.

Inventory:

Hand Weapons
 g - a +0 short sword of protection (weapon)
Armour
 a - a +0 robe (worn)
 p - a +0 cloak (worn)
Scrolls
 d - 3 scrolls of identify {unknown}
 e - 2 scrolls of remove curse {unknown}
 i - a scroll of recharging {unknown}
 j - a scroll of teleportation {unknown}
 m - a scroll of fear {unknown}
Potions
 h - a potion of curing {unknown}
 k - a potion of heal wounds {unknown}
 o - a potion of haste {unknown}
Books
 b - a book of Conjurations

   Spells                             Type                      Level
   a - Magic Dart                     Conjuration                  1
   b - Searing Ray                    Conjuration                  2
   c - Dazzling Spray                 Conjuration/Hexes            3
   d - Fulminant Prism                Conjuration/Hexes            4
   e - Iskenderun's Mystic Blast      Conjuration                  4
   f - Iskenderun's Battlesphere      Conjuration/Charms           5
Comestibles
 c - 3 bread rations
 f - 3 fruits
 l - 2 meat rations


   Skills:
 - Level 2.4 Dodging
 - Level 2.4 Stealth
 * Level 5.3 Spellcasting
 - Level 4.3 Conjurations


You had 8 spell levels left.
You knew the following spells:

 Your Spells              Type           Power        Failure   Level  Hunger
a - Magic Dart            Conj           ###.         1%          1    None
b - Dazzling Spray        Conj/Hex       ##....       14%         3    ##.....


Dungeon Overview and Level Annotations

Branches:
Dungeon (2/15)

Altars:
Gozag
Nemelex Xobeh
Zin
The Shining One

Annotations:
D:2 druid, 1 exclusion, Sigmund


Message History

Yer too confused ta cast spells.
Yer too confused!
Unknown command.
Yer too confused ta cast spells.
Yer too confused!
Sigmund barely misses ye.
Sigmund gestures at ye while chantin'.
Ye be more confused.
Sigmund gestures at ye while chantin'.
Tha magic dart hits ye!
Thar be an op'n door 'ere.
Yer too confused ta move!
Sigmund completely misses ye.
Ye bump inta tha rock wall.
Ye feel less confused.
Sigmund hits ye from afar wit' a scytha.
* * * LOW HITPOINT WARNIN'
* * * Sigmund hits ye from afar wit' a scytha!
Ouch! Tha re'lly hurt!
Ye die...

...♣♣ ##...#.## #>.....#
♣.♣♣ #######..## ###.##.#
.♣♣
#####.........####...#.#
♣.♣
#...'.........'........# .♣
#.........####...#.# ♣.
##.......## ##.##.### .#
##@....## #........ ..
##...## #.###.### .# ##@##
#.....# # )# #.# #..#### #
#.# #).# # #######.###
#..######
####.........######........
#.##.###.............######
#.##.####...##########
#.....# ##.## ####.## #.#


You could see Sigmund.

Vanquished Creatures
  An adder (D:2)
  2 worms (D:2)
  2 dart slugs
  2 giant geckos (D:1)
  4 bats
  A giant cockroach (D:1)
  3 hobgoblins
  6 kobolds
  A ball python (D:1)
  3 rats
25 creatures vanquished.

Notes
Turn   | Place    | Note
--------------------------------------------------------------
     0 | D:1      | Heedrag the Deep Elf Conjurer began the quest for the Orb.
     0 | D:1      | Reached XP level 1. HP: 10/10 MP: 6/6
   107 | D:1      | Reached skill level 4 in Spellcasting
   107 | D:1      | Reached XP level 2. HP: 12/15 MP: 5/9
   587 | D:2      | Found a sparkling altar of Nemelex Xobeh.
   811 | D:2      | Reached XP level 3. HP: 19/19 MP: 6/11
   816 | D:2      | Learned a level 3 spell: Dazzling Spray
   819 | D:2      | Found a glowing golden altar of the Shining One.
   872 | D:2      | Reached skill level 5 in Spellcasting
  1129 | D:2      | Found an opulent altar of Gozag.
  1130 | D:2      | Found a glowing silver altar of Zin.
  1239 | D:2      | Noticed Sigmund
  1253 | D:2      | Mangled by Sigmund

Skill      XL: |  1  2  3 |
---------------+----------+-----
Spellcasting   | 4 5 |  5.3
Dodging        | |  2.4
Stealth        | |  2.4
Conjurations   | |  4.3

Action                   || total
-------------------------++-------
Melee: Unarmed           ||     2
 Cast: Magic Dart        ||    56
  Eat: Chunk             ||     1
Dodge: Dodged            ||     4
